 Dungeon Crawl Stone Soup version 0.31.0-32-g396128a36d (webtiles) character file.

Game seed: 17045602498084640986

1654745 Gogs the Conqueror (level 27, 273/273 HPs)
             Began as a Minotaur Berserker on Mar 21, 2024.
             Was the Champion of Trog.
             Escaped with the Orb
             ... and 3 runes on Apr 4, 2024!
             The game lasted 07:05:56 (73382 turns).

Gogs the Conqueror (Minotaur Berserker)            Turns: 73382, Time: 07:05:57

Health: 273/273    AC: 44    Str: 33      XL:     27
Magic:  15/15      EV: 16    Int:  7      God:    Trog [******]
Gold:   6756       SH: 28    Dex: 11 (15) Spells: 26/26 levels left

rFire   + . .        a - +9 broad axe (protect)
rCold   + + .        B - +4 tower shield
rNeg    . . .        R - +9 scales of the Dragon King {rPois rF+ rC+ Will+}
rPois   +            A - +0 mask of the Dragon {Will+ Slay+3 SInv}
rElec   +            o - +2 cloak {rPois}
rCorr   +            k - +3 pair of gloves of the Tundras {Str+2 Int+3}
SInv    +            F - +3 pair of mountain boots {steadfast, rC+}
Will    +++++        c - amulet "Fiskaot" {+Inv Regen+ Slay+2} Stlth
                     O - ring "Coag" {rPois Will+ rCorr SInv}
HPRegen 1.45/turn    Q - +4 ring of slaying
MPRegen 0.14/turn

%: no passive effects
@: studying 2 skills
A: horns 2, retaliatory headbutt, deformed body, low MP 3, mutation resistance
1, screaming 2, electricity resistance, inability to read after injury 1,
persistent drain
0: Orb of Zot
}: 3/15 runes: barnacled, silver, gossamer
a: Renounce Religion, Evoke Invisibility, Berserk, Trog's Hand, Brothers in Arms


You escaped.
You worshipped Trog.
Trog was exalted by your worship.
You visited 11 branches of the dungeon, and saw 51 of its levels.
You also visited: Sewer, Ossuary, Gauntlet, Ice Cave and Wizlab.

You collected 9414 gold pieces.
You spent 2658 gold pieces at shops.

Inventory:

Hand Weapons
 a - a +9 broad axe of protection (weapon)
 b - a +9 antimagic eveningstar
 q - a +5 broad axe of flaming
 w - a +1 sling of draining
Missiles
 h - 24 javelins
 x - 11 curare-tipped darts
 E - 70 poisoned darts
 M - 10 atropa-tipped darts (quivered)
 N - 10 throwing nets
Armour
 k - the +3 pair of gloves of the Tundras (worn) {Str+2 Int+3}
   (You found it on level 3 of the Shoals)

   Str+2:     It affects your strength (+2).
   Int+3:     It affects your intelligence (+3).
 o - a +2 cloak of poison resistance (worn)
 A - the +0 mask of the Dragon (worn) {Will+ Slay+3 SInv}
   (You found it on level 3 of the Shoals)

   Slay+3:    It affects your accuracy & damage with ranged weapons and melee
   (+3).
   Will+:     It increases your willpower.
   SInv:      It lets you see invisible.
 B - a +4 tower shield (worn)
 F - the +3 pair of mountain boots (worn) {steadfast, rC+}
   (You found it on level 4 of the Spider Nest)

   Steadfast: It prevents involuntary movement, except for blinking,
   teleportation, or banishment.
   rC+:       It protects you from cold.
 R - the +9 scales of the Dragon King (worn) {rPois rF+ rC+ Will+}
   (You took it off a deep elf blademaster on level 3 of the Elven Halls)

   rF+:       It protects you from fire.
   rC+:       It protects you from cold.
   rPois:     It protects you from poison Will+: It increases your willpower.
Jewellery
 c - the amulet "Fiskaot" (around neck) {+Inv Regen+ Slay+2}
   (You found it in a Gauntlet)

   [amulet of regeneration]

   Slay+2:    It affects your accuracy & damage with ranged weapons and melee
   (+2).
   +Inv:      It lets you turn invisible.
   Regen+:    It increases your rate of health regeneration.
 l - a ring of positive energy
 t - a ring of protection from fire
 H - a ring of protection from cold
 O - the ring "Coag" (left hand) {rPois Will+ rCorr SInv}
   (You took it off a deep elf death mage on level 3 of the Elven Halls)

   [ring of poison resistance]

   rPois:     It protects you from poison Will+: It increases your willpower.
   SInv:      It lets you see invisible.
   rCorr:     It protects you from acid and corrosion.
 Q - a +4 ring of slaying (right hand)
 T - a ring of flight
 U - a ring of willpower
 X - a ring of positive energy
 Y - a ring of protection from fire
 Z - the amulet "Dikatel" {Reflect Str+4 SH+5}
   (You acquired it on level 4 of the Vaults)

   [amulet of reflection]

   Reflect:   It reflects blocked missile attacks.
   Str+4:     It affects your strength (+4).
   SH+5:      It affects your SH (+5).
Wands
 n - a wand of polymorph (14)
 u - a wand of digging (4)
 C - a wand of mindburst (14)
 D - a wand of light (42)
 I - a wand of flame (162)
 J - a wand of charming (62)
 K - a wand of iceblast (70)
Scrolls
 f - 4 scrolls of silence
 i - 17 scrolls of fog
 m - 2 scrolls of immolation
 r - 19 scrolls of teleportation
 s - 7 scrolls of fear
 y - 6 scrolls of revelation
 L - a scroll of blinking
Potions
 d - 12 potions of might
 e - 11 potions of ambrosia
 g - 7 potions of enlightenment
 j - 8 potions of haste
 p - 15 potions of resistance
 v - 16 potions of heal wounds
 z - 6 potions of invisibility
 G - 8 potions of attraction
 P - 36 potions of curing
 S - 5 potions of lignification
 V - 5 potions of cancellation
 W - 10 potions of mutation


   Skills:
 O Level 27 Fighting
 O Level 27 Axes
 O Level 27 Armour
 + Level 25.8 Dodging
 - Level 3.0 Stealth
 O Level 27 Shields


You had 26 spell levels left.
You didn't know any spells.
Your spell library was empty.

Dungeon Overview and Level Annotations

Branches:
Dungeon (15/15)            Temple (1/1) D:5            Lair (5/5) D:11
 Shoals (4/4) Lair:2       Spider (4/4) Lair:3        Slime (0/5) Lair:4
    Orc (2/2) D:11            Elf (3/3) Orc:2        Vaults (5/5) D:13
  Crypt (3/3) Vaults:2       Tomb (0/3) Crypt:3      Depths (4/4) D:15
    Zot (5/5) Depths:4      Sewer (visited)         Ossuary (visited)
  IceCv (visited)          WizLab (visited)         Gauntlet (visited)

Altars:
Ashenzari
Cheibriados
Dithmenos
Elyvilon
Fedhas
Gozag
Hepliaklqana
Kikubaaqudgha
Makhleb
Nemelex Xobeh
Okawaru
Qazlal
Ru
Sif Muna
Trog
Uskayaw
Vehumet
Wu Jian
Xom
Yredelemnul
Zin
The Shining One
Ignis
Jiyva
Lugonu

Shops:
D:2 [   D:6 *   D:11 [(   Orc:2 =[[(   Elf:1 :   Elf:2 [   Shoals:2 =?
Vaults:2 [   Vaults:4 !   Vaults:5 !??!!   Depths:2 :=:

Portals:
Hell: Depths:1 Depths:2 Depths:3 Depths:4
Abyss: Depths:3
Pandemonium: Depths:2
Ziggurat: Depths:4
Trove: D:12 (give +4 shadow dragon scales)

Annotations:
D:6 Jeremiah
Elf:1 Donald


Innate Abilities, Weirdness & Mutations

You have a pair of horns on your head.
You reflexively headbutt those who attack you in melee.
Armour fits poorly on your strangely shaped body.
Your magical capacity is extremely low. (-30% MP)
You are somewhat resistant to further mutation.
You frequently scream uncontrollably at your foes.
You are resistant to electric shocks. (rElec)
You occasionally lose the ability to read scrolls when taking damage.
Your health recovers twice as slowly from being drained.


Message History

The ufetubus slips past you! You block the ufetubus's attack. x2
You hit Hyllerai.
Hyllerai is lightly wounded.
You slice the ufetubus!!
You kill the ufetubus!
Trog accepts your kill.
You cut Hyllerai into ribbons!!!
Hyllerai is moderately wounded.
You block Hyllerai's attack.
You chop Hyllerai into pieces!!! You headbutt Hyllerai!
Hyllerai is heavily wounded.
You block Hyllerai's attack.
You slice Hyllerai!!
Hyllerai is severely wounded.
You slice Hyllerai!! You headbutt Hyllerai.
Hyllerai is severely wounded.
You block Hyllerai's attack.
You slice Hyllerai like a ripe choko!!! Your headbutt misses Hyllerai.
Hyllerai is almost dead.
Hyllerai gestures at you. The bolt of lightning hits you. You resist.
You cut Hyllerai into ribbons!!!
You kill Hyllerai!
Trog accepts your kill.
You feel your dexterity returning.
There is an open door here.
A Tzitzimitl comes into view.
There is a stone staircase leading up here.
You climb upwards.
There is a stone staircase leading down here.
There is a stone staircase leading up here.
You climb upwards.
There is a stone staircase leading down here.
Aiming: Dig
Press: ? - help, Shift-Dir - straight line A rock wall.
This square is covered in magical glow.
The rock shatters into small pieces.
There is a staircase leading out of the dungeon here.
You have escaped!

#.###. ######## #.#...
#####......# #.#...
....#......#################.#...
.............................#...
##################...............
#######∩∩###∩# #####....#######
.............##### #.##..##
................@#####.###..#
.......................# ##.#
...............###.....# #.#####
.............### #.....# #......
..#..##.∩∩∩### #####.# ###.###
...∩∩÷..#### #.# #...# ....∩...#
#.# #.##### ........# #.# #.# #..
...##.### #.####'###..


There were no monsters in sight!

Vanquished Creatures
  Frederick (Vaults:5)
  2 dread liches
  6 ancient liches
  4 orbs of fire
  A pandemonium lord (D:3)
  A juggernaut (Depths:3)
  Xtahua (Vaults:3)
  Sojobo (Depths:3)
  5 Killer Klowns
  Parghit (Depths:3)
  Bai Suzhen (Vaults:3)
  Boris (Depths:1)
  A curse toe (Crypt:3)
  A Head Instructor (WizLab)
  2 caustic shrikes
  Saint Roka (Vaults:3)
  Margery (Vaults:2)
  10 golden dragons
  Nikola (Vaults:1)
  Jory (Vaults:3)
  3 bone dragons
  Arachne (Spider:2)
  2 electric golems (Zot:5)
  2 doom hounds
  27 tentacled monstrosities
  A Brimstone Fiend (Zot:5)
  A hellephant (Crypt:1)
  26 Orb Guardians
  An Ice Fiend (Zot:1)
  A walking crystal tome (Depths:3)
  Zenata (Vaults:3)
  11 liches
  A shard shrike skeleton (Crypt:3)
  A walking divine tome (Depths:3)
  Grunn (Depths:2)
  7 quicksilver dragons
  3 deep elf blademasters
  8 sphinxes
  3 titans (Vaults:5)
  A walking frostbound tome (Depths:3)
  2 deep elf master archers (Elf:3)
  9 ancient champions
  6 death cobs
  2 krakens
  8 tengu reavers
  13 shadow dragons
  9 storm dragons
  The ghost of seawaffle the Severer, an adept MiBe of Trog (Spider:2)
  Kirke (D:14)
  Aizul (Spider:2)
  6 protean progenitors
  11 draconian monks
  2 revenants
  8 draconian shifters
  5 fire giants
  18 vault wardens
  3 deep elf elementalists (Elf:3)
  5 frost giants
  5 iron dragons
  4 draconian knights
  Louise (D:14)
  7 draconian scorchers
  4 emperor scorpions
  6 deep elf sorcerers
  A curse skull (Crypt:1)
  19 very ugly things
  3 ghouls (Crypt:1)
  3 reapers
  4 draconian stormcallers
  13 ghost moths
  An orc warlord (Orc:1)
  4 spriggan defenders
  2 broodmothers (Zot:5)
  7 stone giants
  A juggernaut skeleton (Depths:3)
  22 ironbound preservers
  13 draconian annihilators
  9 ironbound thunderhulks
  The ghost of seawaffle the Severer, a journeyman MiBe of Trog (Lair:4)
  11 deep elf death magi
  5 formless jellyfish
  8 yellow draconians
  The ghost of yey the End of an Era, a journeyman DsGl of Qazlal (Lair:3)
  8 deep elf demonologists
  11 vampire knights
  17 white draconians
  6 green draconians
  7 deep elf annihilators
  11 black draconians
  2 war gargoyles
  2 bunyips (Zot:5)
  6 dire elephants
  7 spark wasps
  2 minotaurs
  11 red draconians
  A blizzard demon (Depths:2)
  13 purple draconians
  The ghost of unlimited1921 the Spear-Bearer, a journeyman GnCA of Ignis (Orc:1)
  8 merfolk impalers
  Snorg (Lair:4)
  12 ettins
  2 fire dragons
  5 eidola
  A crystal guardian (Vaults:4)
  5 deep elf high priests
  29 yaktaur captains
  Harold (D:9)
  12 jiangshi
  6 great orbs of eyes
  31 vault guards
  5 entropy weavers
  2 quicksilver dragon skeletons (Crypt:3)
  4 spriggan air magi
  5 hydras
  2 jorogumos (Spider:2)
  7 ice dragons
  7 ironbound frosthearts
  3 radroaches
  3 rakshasas
  A hell beast (Zot:4)
  2 ogre magi (WizLab)
  A merfolk aquamancer (Shoals:1)
  A peacekeeper (Vaults:4)
  12 satyrs
  6 merfolk avatars
  8 two-headed ogres
  16 centaur warriors
  2 death knights
  A fenstrider witch skeleton (Crypt:2)
  3 catoblepae
  12 boulder beetles
  12 deep troll shamans
  A death scarab (Spider:2)
  37 dancing weapons
  6 tengu warriors
  18 death yaks
  5 deep troll earth magi
  A bennu skeleton (Crypt:2)
  5 orc high priests
  6 spriggan berserkers
  9 vampire magi
  6 hell hogs
  2 titan zombies
  15 hell knights
  12 demonic crawlers
  4 occultists
  8 soul eaters
  2 sun demons (Depths:3)
  15 deep elf knights
  4 spriggans
  4 skysharks
  8 iron trolls
  Lodul (D:11)
  7 shadow wraiths
  30 skeletal warriors
  2 storm dragon skeletons
  A salamander mystic (WizLab)
  A titan skeleton (Crypt:3)
  9 pharaoh ants
  8 sea snakes
  61 deep trolls
  2 snapping turtles (shapeshifter)
  7 orb spiders
  A bunyip zombie (Crypt:3)
  A shadow demon (Zot:5)
  A sun moth (Spider:2)
  11 arcanists
  3 flayed ghosts
  A bog body (Crypt:1)
  19 ironbound convokers
  4 glowing orange brains
  6 mana vipers (WizLab)
  A glowing orange brain (shapeshifter) (Depths:3)
  25 harpies
  8 lindwurms
  An orange crystal statue (Gauntlet)
  18 steelbarb worms
  A jorogumo zombie (Crypt:1)
  Pikel (D:4)
  7 deep elf archers
  29 deep elf pyromancers
  A spriggan simulacrum (Crypt:3)
  An elf zombie (Vaults:5)
  18 deep elf zephyrmancers
  9 necromancers
  An alligator zombie (Crypt:1)
  11 phantasmal warriors
  An iron dragon zombie (Crypt:3)
  A bunyip skeleton (Crypt:3)
  11 orc knights
  A cyclops (shapeshifter) (Vaults:5)
  9 orc sorcerers
  15 wolf spiders
  20 ugly things
  17 fauns
  36 moths of wrath
  An elephant (shapeshifter) (Depths:4)
  13 manticores
  A fire giant zombie (Depths:3)
  A jorogumo skeleton (Crypt:2)
  A fire giant skeleton (Depths:3)
  An eleionoma skeleton (Crypt:1)
  3 large abominations (Gauntlet)
  5 meliai
  4 black mambas
  2 ice statues (IceCv)
  A dire elephant zombie (Crypt:3)
  3 stone giant skeletons
  22 vault sentinels
  6 cyclopes
  42 slime creatures
  A rust devil (Depths:2)
  7 elephants (Lair:5)
  4 orange demons (D:13)
  5 torpor snails
  3 merfolk sirens
  11 kobold blastminers
  2 smoke demons (Depths:3)
  A dire elephant skeleton (Crypt:2)
  A centaur skeleton (Crypt:3)
  4 gargoyles
  3 water nymphs
  A hellion (Depths:3)
  An orc skeleton (Crypt:3)
  14 cane toads
  An unseen horror (D:12)
  9 komodo dragons
  2 kobold demonologists (D:12)
  3 freezing wraiths
  5 rime drakes
  A death yak skeleton (Crypt:3)
  5 tengu conjurers
  54 yaktaurs
  A catoblepas skeleton (Crypt:2)
  A troll (shapeshifter) (Depths:3)
  A harpy zombie (Crypt:3)
  2 polar bears
  A yellow draconian skeleton (Crypt:3)
  A yaktaur skeleton (Vaults:2)
  5 red devils
  3 wind drakes
  9 trolls
  20 merfolk
  A merfolk (shapeshifter) (Depths:3)
  An iron dragon simulacrum (Crypt:3)
  11 tarantellas
  5 hornets
  5 glass eyes
  10 blink frogs
  A harpy skeleton (Crypt:3)
  2 dream sheep (Shoals:4)
  5 snapping turtles
  12 culicivoras
  Sigmund (D:2)
  A radroach zombie (Crypt:1)
  7 air elementals
  8 wyverns
  An elf skeleton (Vaults:2)
  2 ettin skeletons (Crypt:3)
  A fire dragon skeleton (Crypt:1)
  22 jumping spiders
  3 fire elementals
  36 yaks
  A yak (shapeshifter) (Depths:2)
  3 vampires (D:10)
  22 water elementals
  6 wraiths
  Eustachio (D:6)
  6 fire bats (D:10)
  Menkaure (D:6)
  6 hogs
  A dire elephant simulacrum (Crypt:3)
  8 wargs
  6 basilisks
  A redback (shapeshifter) (Elf:1)
  4 vampire mosquitoes (D:12)
  A yaktaur simulacrum (Vaults:5)
  27 redbacks
  4 steam dragons
  A skyshark zombie (Crypt:3)
  2 swamp worms (shapeshifter) (Depths:2)
  2 acid dragons
  A cane toad zombie (Crypt:1)
  A spectral troll (Orc:1)
  12 water moccasins
  A cane toad skeleton (Crypt:3)
  3 ice beasts
  A sky beast (D:7)
  3 black bears
  21 orc warriors
  21 laughing skulls
  16 ogres
  4 boggarts
  15 wolves
  A human skeleton (Vaults:5)
  8 centaurs
  A hog zombie (Crypt:1)
  A rime drake zombie (Crypt:1)
  3 kobold brigands
  A weeping skull (Ossuary)
  Blork the orc (D:4)
  A spectral warg (Orc:1)
  5 earth elementals
  A necrophage (Crypt:1)
  2 scorpions
  3 small abominations (Gauntlet)
  2 brain worms (Sewer)
  14 bullfrogs
  9 gnoll sergeants
  2 cane toad simulacra (IceCv)
  A cyclops skeleton (Crypt:3)
  5 water moccasin zombies (Ossuary)
  15 wights
  A spectral ogre (Orc:1)
  3 killer bees (D:7)
  3 electric eels
  2 howler monkeys (D:8)
  A bombardier beetle (D:5)
  A quasit (D:3)
  A warg simulacrum (Orc:1)
  2 hounds
  20 orc priests
  8 jellies
  A gnoll bouda (D:7)
  19 orc wizards
  2 iguanas
  2 spectral orcs (Orc:1)
  6 hell rats (Lair:5)
  A wolf simulacrum (IceCv)
  3 crocodile zombies (Ossuary)
  A hound zombie (Crypt:1)
  2 mummies (Ossuary)
  12 adders
  15 gnolls
  A howler monkey skeleton (Crypt:3)
  An ogre simulacrum (Orc:1)
  4 river rats (Sewer)
  3 white imps
  3 ufetubi
  9 ribbon worms
  70 orcs
  5 bats
  8 endoplasms
  3 giant cockroaches
  8 goblins
  8 hobgoblins
  4 jackals
  25 kobolds
  5 quokkas
  11 ball pythons
  8 frilled lizards
  8 gnoll zombies (Ossuary)
  A hobgoblin skeleton (Crypt:1)
  A jackal skeleton (Crypt:2)
  A jackal zombie (Ossuary)
  6 orc zombies (Ossuary)
  A quokka zombie (Crypt:2)
  11 rats
  An aspiring flesh (Zot:1)
  A spectral weapon (Depths:3)
  5 tentacles
2349 creatures vanquished.

Vanquished Creatures (collateral kills)
  A vault warden (Vaults:5)
  An ironbound frostheart (Vaults:3)
  An ironbound convoker (Vaults:5)
  A water nymph (shapeshifter) (Vaults:5)
  A vault sentinel (Vaults:3)
  4 yaktaurs (Vaults:5)
9 creatures vanquished.

Vanquished Creatures (others)
  A dread lich (Depths:3)
  A spriggan defender (Depths:3)
  A deep troll shaman (Depths:4)
  A hell knight (Crypt:1)
  A deep elf pyromancer (Elf:2)
  An arcanist (D:6)
  A jumping spider (Spider:3)
  An orc wizard (Orc:2)
  An orc (D:8)
  24 tentacles
33 creatures vanquished.

Grand Total: 2391 creatures vanquished

Notes
Turn   | Place    | Note
-------+----------+-------------------------------------------
     0 | D:1      | Gogs the Minotaur Berserker began the quest for the Orb.
     0 | D:1      | Reached XP level 1. HP: 19/19 MP: 0/0
   117 | D:1      | You fall into a shaft and drop 1 floor!
   211 | D:2      | Noticed an iguana
   222 | D:2      | Killed an iguana
   223 | D:2      | Reached XP level 2. HP: 27/27 MP: 1/1
   223 | D:2      | Reached XP level 3. HP: 33/33 MP: 2/2
  1313 | D:2      | Noticed Sigmund
  1320 | D:2      | Killed Sigmund
  1321 | D:2      | Reached skill level 5 in Axes
  1321 | D:2      | Reached XP level 4. HP: 39/41 MP: 3/3
  1321 | D:2      | Reached XP level 5. HP: 45/47 MP: 4/4
  1533 | D:2      | Found Usocwas's Antique Armour Emporium.
  1856 | D:3      | Reached ** piety under Trog
  2144 | D:3      | Reached XP level 6. HP: 48/55 MP: 5/5
  2496 | D:3      | Found a snail-covered altar of Cheibriados.
  2852 | D:4      | Reached skill level 5 in Fighting
  2913 | D:4      | Reached *** piety under Trog
  2943 | D:4      | Found a glowing drain.
  2952 | Sewer    | Entered a sewer
  3257 | Sewer    | Reached XP level 7. HP: 61/61 MP: 6/6
  3416 | D:4      | Noticed Pikel
  3508 | D:2      | Bought a pair of glowing gloves for 165 gold pieces
  4113 | D:4      | Reached **** piety under Trog
  4156 | D:4      | Noticed Blork the orc
  4169 | D:4      | Killed Blork the orc
  4170 | D:4      | Reached skill level 5 in Armour
  4470 | D:5      | Entered Level 5 of the Dungeon
  4843 | D:4      | Killed Pikel
  4844 | D:4      | Reached skill level 5 in Dodging
  4844 | D:4      | Reached XP level 8. HP: 71/71 MP: 7/7
  5298 | D:5      | Found a staircase to the Ecumenical Temple.
  5326 | Temple   | Entered the Ecumenical Temple
  5475 | D:5      | Found an ancient bone altar of Kikubaaqudgha.
  5805 | D:6      | Noticed Eustachio
  5839 | D:6      | Killed Eustachio
  5840 | D:6      | Noticed Menkaure
  5847 | D:6      | Killed Menkaure
  5857 | D:6      | Found a sand-covered staircase.
  5862 | Ossuary  | Entered an ossuary
  5888 | Ossuary  | Reached XP level 9. HP: 79/79 MP: 8/8
  5982 | Ossuary  | Reached ***** piety under Trog
  5983 | Ossuary  | Reached skill level 10 in Axes
  6079 | D:6      | Found a bloodstained altar of Trog.
  6090 | D:6      | Noticed a wizard
  6096 | D:6      | Killed a wizard
  6215 | D:6      | Found Ileudol's General Store.
  6222 | D:6      | Bought a scroll of enchant armour for 112 gold pieces
  6471 | D:6      | Noticed Jeremiah
  7165 | D:7      | Identified a scroll of acquirement
  7165 | D:7      | Acquired the +0 buckler "Nuj Rayc" {rElec rCorr Str+2}
  7456 | D:7      | Found a hide-covered altar of Uskayaw.
  7709 | D:7      | Reached skill level 1 in Shields
  7792 | D:7      | Reached XP level 10. HP: 90/90 MP: 9/9
  8476 | D:8      | Noticed a two-headed ogre
  8486 | D:8      | Killed a two-headed ogre
  8593 | D:8      | Noticed a two-headed ogre
  8599 | D:8      | Killed a two-headed ogre
  8624 | D:8      | Noticed a two-headed ogre
  8635 | D:8      | Noticed a centaur warrior
  8637 | D:8      | Killed a two-headed ogre
  8638 | D:8      | Reached skill level 5 in Shields
  8644 | D:8      | Killed a centaur warrior
  8665 | D:8      | Noticed a cyclops
  8818 | D:8      | Reached XP level 11. HP: 90/99 MP: 10/10
  8956 | D:8      | Identified the +1 quarterstaff "Viheoqar" {flame, rN+ Dex+3
                  | Stlth+} (Trog gifted it to you on level 8 of the Dungeon)
  8956 | D:8      | Received a gift from Trog
  9103 | D:9      | Noticed Harold
  9130 | D:9      | Killed Harold
  9131 | D:9      | Reached skill level 10 in Fighting
  9160 | D:9      | Found a shimmering blue altar of Sif Muna.
  9369 | D:9      | Found a white marble altar of Elyvilon.
  9627 | D:10     | Entered Level 10 of the Dungeon
  9669 | D:10     | Noticed a two-headed ogre
  9676 | D:10     | Killed a two-headed ogre
  9677 | D:10     | Reached skill level 10 in Armour
 10261 | D:10     | Found a burning altar of Makhleb.
 10389 | D:10     | Noticed a boulder beetle
 10400 | D:10     | Killed a boulder beetle
 10481 | D:10     | Reached skill level 15 in Axes
 10543 | D:10     | Reached XP level 12. HP: 103/110 MP: 11/11
 10628 | D:10     | Reached ****** piety under Trog
 10841 | D:10     | Found a candlelit altar of Ignis.
 10852 | D:10     | Identified the +3 fire dragon scales of Noughts and Crosses
                  | {rElec rF++ rC- rN+}
 11442 | D:11     | Found Pened's Weapon Emporium.
 11442 | D:11     | Found a staircase to the Orcish Mines.
 11467 | D:11     | Received a gift from Trog
 11484 | D:11     | Found Keamuhiw's Armour Emporium.
 11756 | D:11     | Noticed a two-headed ogre
 11763 | D:11     | Killed a two-headed ogre
 11899 | D:11     | Found a staircase to the Lair.
 12285 | D:12     | Noticed a boulder beetle
 12285 | D:12     | Noticed a two-headed ogre
 12311 | D:11     | Killed a boulder beetle
 12319 | D:12     | Killed a two-headed ogre
 12484 | D:12     | Noticed Lodul
 12626 | D:11     | Killed Lodul
 12701 | D:12     | Found a stormy altar of Qazlal.
 12734 | D:12     | Found a portal to a secret trove of treasure.
 12829 | D:12     | Noticed a boulder beetle
 12850 | D:12     | Killed a boulder beetle
 13086 | Lair:1   | Entered Level 1 of the Lair of Beasts
 13096 | Lair:1   | Reached XP level 13. HP: 107/119 MP: 12/12
 14117 | Lair:2   | Found a staircase to the Shoals.
 14919 | Lair:3   | Identified the +8 battleaxe of Day {flame, rC+} (Trog
                  | gifted it to you on level 3 of the Lair of Beasts)
 14919 | Lair:3   | Received a gift from Trog
 14941 | Lair:3   | Found a hole to the Spider Nest.
 15053 | Lair:3   | Found a runed translucent door.
 15053 | Lair:3   | Noticed yey's ghost (journeyman DsGl)
 15776 | Lair:3   | Killed yey's ghost
 15869 | Lair:4   | Noticed Snorg
 15917 | Lair:4   | Killed Snorg
 16057 | Lair:4   | Found a staircase to the Slime Pits.
 16097 | Lair:4   | Found a viscous altar of Jiyva.
 16196 | Lair:4   | Reached skill level 15 in Fighting
 16196 | Lair:4   | Reached skill level 15 in Armour
 16518 | Lair:5   | Entered Level 5 of the Lair of Beasts
 16625 | Lair:5   | Reached XP level 14. HP: 134/135 MP: 13/13
 16692 | Lair:5   | Received a gift from Trog
 16693 | Lair:5   | Reached skill level 10 in Dodging
 17265 | Lair:5   | Found the +5 glaive of the Guard {elec, spectral}
 17442 | Lair:5   | Found a runed translucent gate.
 17464 | Lair:5   | Identified the +4 flail "Enil" {freeze, Dex+3}
 17498 | Lair:5   | Found a runed translucent gate.
 17498 | Lair:5   | Found a runed translucent gate.
 17499 | Lair:5   | Noticed seawaffle's ghost (journeyman MiBe)
 18145 | Lair:4   | Killed seawaffle's ghost
 18264 | Lair:5   | Identified the +5 scimitar of Jaoptuk {vamp, *Slow Int+3
                  | SInv}
 18276 | Lair:5   | Identified the +10 rapier "Xionush" {flame, rN+ Will++
                  | Str-5 SInv}
 18400 | Orc:1    | Entered Level 1 of the Orcish Mines
 18557 | Orc:2    | Entered Level 2 of the Orcish Mines
 18898 | Orc:1    | Found a runed translucent gate.
 18898 | Orc:1    | Found a runed translucent gate.
 18898 | Orc:1    | Found a runed translucent gate.
 18999 | Orc:1    | Noticed unlimited1921's ghost (journeyman GnCA)
 19063 | Orc:1    | Identified the +4 quarterstaff of Disorder {flame, *Rage
                  | rElec rF+ Dex+7} (Trog gifted it to you on level 1 of the
                  | Orcish Mines)
 19063 | Orc:1    | Received a gift from Trog
 19077 | Orc:1    | Killed unlimited1921's ghost
 19207 | Orc:2    | Noticed an orc warlord
 19264 | Orc:1    | Killed an orc warlord
 19343 | Orc:2    | Found a staircase to the Elven Halls.
 19412 | Orc:2    | Reached XP level 15. HP: 105/147 MP: 14/14
 19785 | Orc:2    | Gained mutation: You occasionally shout uncontrollably at
                  | your foes. [a neqoxec]
 20000 | Orc:2    | Found Kocudage's Jewellery Shop.
 20085 | Orc:2    | Found Ocaodi's Armour Emporium.
 20114 | Orc:2    | Received a gift from Trog
 20196 | Orc:2    | Found Qosteh's Weapon Emporium.
 20198 | Orc:2    | Found Vocecol's Armour Shop.
 20247 | Orc:2    | Bought a ring of willpower for 325 gold pieces
 20429 | D:13     | Found a frozen archway.
 20453 | IceCv    | Entered an ice cave
 20481 | IceCv    | Found a transporter.
 20490 | IceCv    | Found a transporter.
 20801 | D:13     | Found a gate to the Vaults.
 21884 | D:14     | Noticed Louise
 22044 | D:14     | Killed Louise
 22044 | D:14     | Received a gift from Trog
 22348 | D:14     | Noticed Kirke
 22362 | D:14     | Killed Kirke
 22819 | D:15     | Entered Level 15 of the Dungeon
 22929 | D:15     | Found a gate leading to a gauntlet.
 22980 | Gauntlet | Entered a Gauntlet
 22980 | Gauntlet | Found a transporter.
 22980 | Gauntlet | Found a transporter.
 22981 | Gauntlet | Found a transporter.
 22981 | Gauntlet | Found a transporter.
 22984 | Gauntlet | Found a transporter.
 22998 | Gauntlet | Found a transporter.
 23003 | Gauntlet | Found a transporter.
 23018 | Gauntlet | Found a transporter.
 23040 | Gauntlet | Found a transporter.
 23065 | Gauntlet | Found the dreamshard necklace {Acrobat *Dream}
 23067 | Gauntlet | Found a transporter.
 23084 | Gauntlet | Found a transporter.
 23136 | Gauntlet | Found a transporter.
 23321 | Gauntlet | Identified the +10 demon trident "Esumostra" {venom, rPois
                  | rC+ Int+2}
 23322 | Gauntlet | Identified the amulet "Fiskaot" {+Inv Regen+ Slay+2}
 23380 | Gauntlet | Identified the +5 hat of Analysis {Harm rF+ rC- Str+3}
 23897 | D:15     | Found a staircase to the Depths.
 23897 | D:15     | Noticed a frost giant
 23905 | D:15     | Killed a frost giant
 23989 | D:15     | Reached skill level 10 in Shields
 24022 | D:15     | Reached XP level 16. HP: 160/160 MP: 15/15
 24334 | Shoals:1 | Entered Level 1 of the Shoals
 24612 | Shoals:1 | Received a gift from Trog
 25568 | Spider:1 | Entered Level 1 of the Spider Nest
 26154 | Spider:2 | Identified the serpent talisman of Xom's Approval {MP+9}
 26154 | Spider:2 | Noticed Aizul
 26168 | Spider:2 | Noticed Arachne
 26183 | Spider:2 | Killed Arachne
 26253 | Spider:2 | Received a gift from Trog
 26370 | Spider:2 | Killed Aizul
 26761 | Spider:2 | Noticed seawaffle's ghost (adept MiBe)
 26776 | Spider:2 | Found a transporter.
 26798 | Spider:2 | Found a transporter.
 27509 | Spider:3 | Identified the +0 halberd of Terror {heavy, +Blink Str+2}
                  | (Trog gifted it to you on level 3 of the Spider Nest)
 27509 | Spider:3 | Received a gift from Trog
 27652 | Spider:3 | Reached XP level 17. HP: 179/179 MP: 16/16
 28282 | Spider:3 | Acquired a manual of Dodging
 28312 | Spider:4 | Entered Level 4 of the Spider Nest
 29558 | Spider:4 | Reached skill level 15 in Dodging
 29766 | Spider:4 | Found the +3 pair of mountain boots {steadfast, rC+}
 29790 | Spider:4 | Got a gossamer rune of Zot
 29802 | Spider:4 | Identified the +0 hat of Inference {Regen+}
 30905 | Shoals:2 | Found Kupuuk's Magic Scroll Shop.
 30913 | Shoals:2 | Bought a scroll of blinking for 127 gold pieces
 30913 | Shoals:2 | Bought a scroll of enchant weapon for 127 gold pieces
 30914 | Shoals:2 | Bought a scroll of silence for 161 gold pieces
 30997 | Shoals:2 | Found Tivunink's Jewellery Emporium.
 31229 | Shoals:2 | Noticed a kraken
 31655 | Shoals:2 | Killed a kraken
 31931 | Shoals:2 | Noticed a tentacled monstrosity
 31945 | Shoals:2 | Killed a tentacled monstrosity
 31951 | Shoals:2 | Identified the ring of Polytheism {Wiz SInv}
 32091 | Shoals:3 | Identified the +3 pair of gloves of the Tundras {Str+2
                  | Int+3}
 32180 | Shoals:3 | Gained mutation: Your magical capacity is low. (-10% MP)
                  | [mutagenic glow]
 32188 | Shoals:2 | Gained mutation: You are resistant to electric shocks.
                  | (rElec) [mutagenic glow]
 32360 | Shoals:3 | Found the +0 mask of the Dragon {Will+ Slay+3 SInv}
 32378 | Shoals:3 | Received a gift from Trog
 32389 | Shoals:3 | Paralysed by a formless jellyfish for 1 turns
 32397 | Shoals:3 | Paralysed by a formless jellyfish for 1 turns
 32587 | Shoals:3 | Reached XP level 18. HP: 192/192 MP: 15/15
 33486 | Shoals:4 | Entered Level 4 of the Shoals
 33858 | Shoals:4 | Identified the ring "Aseduch" {rCorr Slay+3 SInv}
 34089 | Shoals:4 | Received a gift from Trog
 34270 | Shoals:4 | Got a barnacled rune of Zot
 34305 | Shoals:4 | Identified the staff of Offence {Dex+5 Conj}
 34911 | Vaults:1 | Entered Level 1 of the Vaults
 35324 | Vaults:1 | Received a gift from Trog
 35859 | Vaults:1 | Noticed Nikola
 35891 | Vaults:1 | Killed Nikola
 36128 | Vaults:1 | Reached XP level 19. HP: 193/200 MP: 16/16
 36130 | Vaults:1 | Reached skill level 15 in Shields
 36135 | Vaults:1 | Received a gift from Trog
 36550 | Spider:2 | Killed seawaffle's ghost
 37337 | Vaults:2 | Identified the +2 chain mail "Qent" {*Corrode rF+++ Str+5}
 37640 | Vaults:2 | Received a gift from Trog
 37930 | Vaults:2 | Found Yladgha's Armour Boutique.
 37955 | Vaults:2 | Found a staircase to the Crypt.
 37955 | Vaults:2 | Found an ancient bone altar of Kikubaaqudgha.
 37956 | Vaults:2 | Found a basalt altar of Yredelemnul.
 38397 | Vaults:2 | Received a gift from Trog
 38941 | Vaults:3 | Noticed Zenata
 38953 | Vaults:3 | Killed Zenata
 39271 | Vaults:3 | Identified the +5 ring mail of Makhleb's Displeasure {rPois
                  | Dex+2 Slay+3}
 39311 | Vaults:3 | Noticed Jory
 39321 | Vaults:3 | Killed Jory
 39460 | Vaults:3 | Reached XP level 20. HP: 201/210 MP: 17/17
 39684 | Vaults:3 | Noticed Bai Suzhen
 39684 | Vaults:3 | Noticed Saint Roka
 39748 | Vaults:3 | Killed Bai Suzhen
 39784 | Vaults:3 | Killed Saint Roka
 40074 | Vaults:3 | Noticed Xtahua
 40092 | Vaults:3 | Killed Xtahua
 40801 | Vaults:4 | Received a gift from Trog
 41317 | Vaults:4 | Acquired the amulet "Dikatel" {Reflect Str+4 SH+5}
 41661 | Vaults:4 | Found Byath's Distillery.
 41669 | Vaults:4 | Bought a potion of might for 80 gold pieces
 41669 | Vaults:4 | Bought a potion of invisibility for 160 gold pieces
 41669 | Vaults:4 | Bought a potion of curing for 60 gold pieces
 41928 | Vaults:4 | Paralysed by a sphinx for 3 turns
 42164 | Vaults:4 | Received a gift from Trog
 42683 | Elf:1    | Entered Level 1 of the Elven Halls
 42869 | Elf:1    | Found Xinijed's Book Shoppe.
 43135 | Elf:1    | Paralysed by an air elemental for 1 turns
 43195 | Elf:1    | Noticed Donald
 43867 | Elf:1    | Identified the +4 hand axe of Prudence {antimagic, Str-3
                  | Dex+3 SInv} (Trog gifted it to you on level 1 of the Elven
                  | Halls)
 43867 | Elf:1    | Received a gift from Trog
 44313 | Elf:1    | Reached XP level 21. HP: 198/215 MP: 17/17
 44436 | Elf:2    | Found Vome Lue's Armour Shoppe.
 44563 | Elf:2    | Paralysed by an air elemental for 1 turns
 44567 | Elf:2    | Paralysed by an air elemental for 1 turns
 45067 | Elf:2    | Found a runed translucent gate.
 45068 | Elf:2    | Found a runed translucent gate.
 45068 | Elf:2    | Found a runed translucent gate.
 45285 | Elf:2    | Received a gift from Trog
 45285 | Elf:2    | Found the +16 obsidian axe {drain, demonic, Mesm ^Drain Fly
                  | SInv}
 46628 | Elf:3    | Entered Level 3 of the Elven Halls
 47996 | Elf:3    | Identified the +8 hand axe of Offence {flame, rF+ Dex+6}
                  | (Trog gifted it to you on level 3 of the Elven Halls)
 47996 | Elf:3    | Received a gift from Trog
 48070 | Elf:3    | Identified the ring "Coag" {rPois Will+ rCorr SInv}
 48284 | Elf:3    | Identified the +7 mace "Mukaxkufe" {freeze, rF+}
 48284 | Elf:3    | Identified the ring "Rimulont" {Wiz Str+3}
 48954 | Elf:3    | Identified the +9 battleaxe of Viett {speed, rF+}
 49026 | Elf:3    | Received a gift from Trog
 49230 | Elf:3    | Identified the +1 cloak "Uptel" {Rampage}
 49245 | Elf:3    | Identified the staff "Bohoehis" {rElec rF+ Int+2 Stlth-
                  | Fire Air}
 49588 | Depths:1 | Entered Level 1 of the Depths
 49604 | Depths:1 | Found a gateway to Hell.
 49783 | Depths:1 | Noticed Boris
 49790 | Depths:1 | Killed Boris
 50198 | Depths:1 | Found a blossoming altar of Fedhas.
 50234 | Depths:1 | Acquired 1017 gold pieces
 50661 | Depths:2 | Reached XP level 22. HP: 202/231 MP: 3/18
 50727 | Depths:2 | Noticed a golden dragon
 50735 | Depths:2 | Killed a golden dragon
 50799 | Depths:2 | Identified the maw talisman of Precision Catastrophes {rF+}
 50847 | Depths:2 | Noticed Grunn
 51040 | Depths:2 | Received a gift from Trog
 51048 | Depths:2 | Killed Grunn
 51049 | Depths:2 | Reached skill level 27 in Fighting
 51049 | Depths:2 | Noticed a golden dragon
 51118 | Depths:2 | Killed a golden dragon
 51249 | Depths:2 | Found a one-way gate leading to the halls of Pandemonium.
 51364 | Depths:2 | Noticed a caustic shrike
 51372 | Depths:2 | Killed a caustic shrike
 51750 | Depths:2 | Found Kiggaos's Book Boutique.
 51752 | Depths:2 | Found Ymaej's Jewellery Shoppe.
 51753 | Depths:2 | Found Efir's Book Boutique.
 52074 | Depths:3 | Found a corrupted altar of Lugonu.
 52487 | Depths:3 | Received a gift from Trog
 53022 | Depths:3 | Noticed a golden dragon
 53268 | Depths:3 | Killed a golden dragon
 53287 | Depths:3 | Noticed a dread lich
 53312 | Depths:3 | Killed a dread lich
 53410 | Depths:3 | Noticed Sojobo
 53430 | Depths:3 | Killed Sojobo
 53472 | Depths:3 | Noticed Parghit
 53602 | Depths:3 | Killed Parghit
 53820 | Depths:3 | Noticed a golden dragon
 53827 | Depths:3 | Killed a golden dragon
 53996 | Depths:3 | Received a gift from Trog
 54018 | Depths:3 | Noticed a caustic shrike
 54029 | Depths:3 | Killed a caustic shrike
 54039 | Depths:3 | Noticed a juggernaut
 54166 | Depths:3 | Killed a juggernaut
 54342 | Depths:3 | Found a one-way gate to the infinite horrors of the Abyss.
 54617 | Depths:3 | Reached skill level 1 in Stealth
 54619 | Depths:3 | Reached XP level 23. HP: 214/240 MP: 19/19
 54762 | Depths:4 | Entered Level 4 of the Depths
 54882 | Depths:4 | Paralysed by an air elemental for 1 turns
 55465 | Depths:4 | Received a gift from Trog
 55468 | Depths:4 | Found a gate to the Realm of Zot.
 55765 | Depths:4 | Found a one-way gateway to a ziggurat.
 56206 | Crypt:1  | Entered Level 1 of the Crypt
 56301 | Crypt:1  | Noticed Margery
 56397 | Vaults:2 | Killed Margery
 56822 | Crypt:1  | Found a magical portal.
 56845 | WizLab   | Entered Yara's Duelist Academy
 56921 | WizLab   | Received a gift from Trog
 56963 | WizLab   | Reached skill level 27 in Armour
 56982 | WizLab   | Noticed Dikaaged
 57003 | WizLab   | Killed Dikaaged the Head Instructor
 57671 | Crypt:1  | Found a huge runed translucent gate.
 57671 | Crypt:1  | Found a huge runed translucent gate.
 57672 | Crypt:1  | Found a huge runed translucent gate.
 57672 | Crypt:1  | Found a huge runed translucent gate.
 57672 | Crypt:1  | Found a huge runed translucent gate.
 57673 | Crypt:1  | Found a huge runed translucent gate.
 57673 | Crypt:1  | Found a huge runed translucent gate.
 57677 | Crypt:1  | Found a huge runed translucent gate.
 57677 | Crypt:1  | Found a huge runed translucent gate.
 58024 | Crypt:2  | Noticed an ancient lich
 58382 | Crypt:1  | Received a gift from Trog
 58535 | Crypt:1  | Reached XP level 24. HP: 132/249 MP: 19/19
 58605 | Crypt:2  | Killed an ancient lich
 58813 | Crypt:2  | Found the +9 sword of Zonguldrok {reap}
 59360 | Crypt:3  | Entered Level 3 of the Crypt
 59722 | Crypt:3  | Received a gift from Trog
 59898 | Crypt:3  | Found the amulet of the Four Winds {rN+ Will+++ Clar}
 60257 | Crypt:3  | Found a staircase to the Tomb.
 60544 | Crypt:3  | Received a gift from Trog
 60697 | Crypt:3  | Noticed an ancient lich
 60698 | Crypt:3  | Noticed a dread lich
 60715 | Crypt:3  | Killed a dread lich
 60720 | Crypt:3  | Killed an ancient lich
 60966 | Vaults:5 | Entered Level 5 of the Vaults
 60968 | Vaults:5 | Identified the orb "Zarat" {light, ^Contam rC+++ Int-4
                  | Hexes}
 60968 | Vaults:5 | Noticed Frederick
 60981 | Vaults:5 | Killed Frederick
 61066 | Vaults:5 | Identified the ring "Naasoixu" {Ice rN+ Dex+3}
 61266 | Vaults:5 | Identified the ring "Fitzemi" {*Corrode rF+++ Dex+6 Slay-4}
 61344 | Vaults:5 | Received a gift from Trog
 61372 | Vaults:5 | Found Siosucra's Magic Scroll Shop.
 61530 | Vaults:5 | Noticed an ancient lich
 61537 | Vaults:5 | Killed an ancient lich
 61593 | Vaults:5 | Reached XP level 25. HP: 207/257 MP: 19/19
 61618 | Vaults:5 | Received a gift from Trog
 62261 | Vaults:5 | Noticed a dread lich
 62271 | Vaults:5 | Killed a dread lich
 62339 | Vaults:5 | Identified the staff "Natufot" {rPois Int+4 Alchemy}
 62408 | Vaults:5 | Found Jogeempu's Distillery.
 62413 | Vaults:5 | Bought a potion of resistance for 220 gold pieces
 62413 | Vaults:5 | Bought a potion of curing for 66 gold pieces
 62413 | Vaults:5 | Bought a potion of curing for 66 gold pieces
 62413 | Vaults:5 | Bought 2 potions of heal wounds for 220 gold pieces
 62413 | Vaults:5 | Bought a potion of curing for 66 gold pieces
 62413 | Vaults:5 | Bought a potion of might for 88 gold pieces
 62423 | Vaults:5 | Found Laefonod's Distillery.
 62428 | Vaults:5 | Got a silver rune of Zot
 62436 | Vaults:5 | Bought a potion of curing for 54 gold pieces
 62436 | Vaults:5 | Bought a potion of curing for 54 gold pieces
 62436 | Vaults:5 | Bought a potion of curing for 54 gold pieces
 62436 | Vaults:5 | Bought a potion of curing for 54 gold pieces
 62454 | Vaults:5 | Found Nomaog's Magic Scroll Shoppe.
 62482 | Vaults:5 | Found Vookiv's Distillery.
 62486 | Vaults:5 | Bought a potion of might for 76 gold pieces
 62486 | Vaults:5 | Bought a potion of heal wounds for 95 gold pieces
 62486 | Vaults:5 | Bought a potion of cancellation for 152 gold pieces
 62486 | Vaults:5 | Bought a potion of might for 76 gold pieces
 62559 | Vaults:5 | Noticed an ancient lich
 62566 | Vaults:5 | Killed an ancient lich
 63061 | Zot:1    | Entered Level 1 of the Realm of Zot
 63194 | Zot:1    | Received a gift from Trog
 63520 | Zot:1    | Identified the ring "Akecus" {Fly rC- rN+ rCorr}
 65140 | Zot:2    | Received a gift from Trog
 67325 | Zot:4    | Reached XP level 26. HP: 249/264 MP: 19/19
 67490 | Zot:4    | Received a gift from Trog
 67783 | Zot:4    | Noticed an orb of fire
 67792 | Zot:4    | Gained mutation: You frequently scream uncontrollably at
                  | your foes. [an orb of fire]
 67795 | Zot:4    | Gained mutation: You are dopey. (Int -2) [an orb of fire]
 67797 | Zot:4    | Killed an orb of fire
 67954 | Zot:4    | Reached skill level 27 in Axes
 68223 | Zot:5    | Entered Level 5 of the Realm of Zot
 68967 | Zot:5    | Reached skill level 27 in Shields
 68973 | Zot:5    | Received a gift from Trog
 70632 | Zot:5    | Noticed an ancient lich
 70642 | Zot:5    | Killed an ancient lich
 70819 | Zot:5    | Noticed an orb of fire
 70824 | Zot:5    | Gained mutation: You occasionally lose the ability to read
                  | scrolls when taking damage. [an orb of fire]
 70835 | Zot:5    | Killed an orb of fire
 70835 | Zot:5    | Received a gift from Trog
 71357 | Zot:5    | Gained mutation: Your health recovers twice as slowly from
                  | being drained. [mutagenic glow]
 71366 | Zot:5    | Gained mutation: Armour fits poorly on your strangely
                  | shaped body. [mutagenic glow]
 71382 | Zot:5    | Gained mutation: You are very dopey. (Int -4) [mutagenic
                  | glow]
 71466 | Zot:4    | Lost mutation: You are very dopey. (Int -4) [potion of
                  | mutation]
 71466 | Zot:4    | Lost mutation: You occasionally lose the ability to read
                  | scrolls when taking damage. [potion of mutation]
 71466 | Zot:4    | Lost mutation: You are dopey. (Int -2) [potion of mutation]
 71466 | Zot:4    | Gained mutation: You are somewhat resistant to further
                  | mutation. [potion of mutation]
 71752 | Zot:5    | Gained mutation: Your magical capacity is very low. (-20%
                  | MP) [mutagenic glow]
 71754 | Zot:5    | Noticed an orb of fire
 71787 | Zot:5    | Noticed an orb of fire
 71794 | Zot:5    | Gained mutation: You occasionally lose the ability to read
                  | scrolls when taking damage. [an orb of fire]
 71807 | Zot:5    | Gained mutation: Your magical capacity is extremely low.
                  | (-30% MP) [mutagenic glow]
 71813 | Zot:5    | Killed an orb of fire
 72318 | Zot:5    | Noticed an ancient lich
 72327 | Zot:5    | Killed an ancient lich
 72416 | Zot:5    | Paralysed by a Zot trap for 3 turns
 72466 | Zot:5    | Killed an orb of fire
 72467 | Zot:5    | Reached XP level 27. HP: 272/273 MP: 1/15
 72771 | Zot:5    | Got the Orb of Zot
 73322 | D:3      | Noticed Hyllerai the pandemonium lord
 73336 | D:3      | Killed Hyllerai the pandemonium lord
 73382 | D:$      | Escaped with the Orb!

Illustrated notes

Levels and vault maps discovered:
D:1:      amcnicky_arrival_abandoned_market, layout_basic
D:2:      layout_basic, serial_shops, nicolae_shop_window_shopping, uniq_sigmund
D:3:      minmay_octagon_keep, layout_basic, cheibrodos_worm_habitat,
          minmay_cut_off
D:4:      layout_basic, gup_sewer_entry_bubbles, interstate_on_off,
          minmay_misc_feat_plants, kennysheep_pointless_box, uniq_blork_the_orc,
          uniq_pikel
D:5:      layout_rooms, lemuel_round_altar, minmay_temple_entry_antechambers
D:6:      layout_basic, trog_wizard, enter_ossuary_2, serial_shops, shop,
          corner_web_ring, kennysheep_another_room, uniq_jeremiah,
          uniq_eustachio, uniq_menkaure
D:7:      layout_loops_ring, mainiacjoe_overflow_brackets, columned_hall_lemuel
D:8:      nzn_winding_woodlands_medium [nzn_winding_woodlands_5x5_default,
          nzn_winding_woodlands_5x15_concentric,
          nzn_winding_woodlands_hourglass, nzn_winding_woodlands_5x5_perimeter,
          nzn_winding_woodlands_center_garden, nzn_winding_woodlands_5x5_three,
          nzn_winding_woodlands_5x5_default, nzn_winding_woodlands_5x15_twine,
          nzn_winding_woodlands_5x5_open_star], layout_loops_cross
D:9:      layout_cave_pools, mainiacjoe_overflow_chevrons,
          mainiacjoe_overflow_tiny_flanked, uniq_harold
D:10:     regret_index_infernal_bastille, layout_long_grid,
          mainiacjoe_overflow_concentric_impassable, chequers_decorated_corner,
          chequers_garden, nicolae_rank_and_phial
D:11:     layout_cave_pods, lair_entry_dummy, orc_david_3,
          amcnicky_mini_rare_corridor_liquid, small_statue_intersection,
          minmay_misc_feat_columns
D:12:     layout_rooms, nicolae_trove_entry_free_sample,
          chequers_serial_rivers_micro_e, grunt_qazlal_sundering, uniq_lodul
D:13:     layout_rooms, hellmonk_vaults_order_and_chaos, portal_ice_cave_rime,
          minmay_beelzebubs_servants
D:14:     layout_irregular_city, minmay_misc_feat_cross,
          minmay_misc_feat_rugged, minivault_10, uniq_kirke, uniq_louise
D:15:     grunt_enter_depths_snipers, layout_basic, gauntlet_entry_generic,
          nrook_mini_vaults
Temple:   nicolae_temple_bog_church
Lair:1:   layout_loops_ring, eino_small_chamber_without_monster,
          lemuel_fruit_tree
Lair:2:   layout_regular_city, nicolae_shoals_entry_roost
Lair:3:   layout_hall_layers, nicolae_spider_entry_lesser_pyramids,
          serial_rivers, chequers_serial_rivers_large_a,
          chequers_serial_rivers_small_b, chequers_serial_rivers_small_b,
          chequers_serial_rivers_micro_a, gammafunk_ghost_grave
Lair:4:   layout_roguey, nicolae_slime_entry_field_trip, uniq_snorg
Lair:5:   grunt_lair_end_beastmaster, layout_regular_city,
          gammafunk_ghost_hydra_chop
Shoals:1: layout_shoals, nicolae_shoals_land_atoll
Shoals:2: dreamdust_from_the_deep, layout_shoals, serial_shops, shop,
          nicolae_shop_trees
Shoals:3: layout_shoals
Shoals:4: shoals_end_hellmonk_lost_city
Spider:1: layout_spider_delve, guppyfry_spider_mini_2
Spider:2: layout_spider_delve, gammafunk_ghost_arena,
          hangedman_spider_tarantella_strand, uniq_arachne, uniq_aizul
Spider:3: layout_spider_delve, nicolae_spider_moth_buddies
Spider:4: hellmonk_spider_rune_bug_friends
Orc:1:    layout_caves, gammafunk_ghost_necromancy
Orc:2:    st_orc_elflike, layout_diamond_mine, basic_altar, minmay_orc_temple_c
Elf:1:    minmay_elf_arrival_plus, layout_loops_cross, serial_shops, shop,
          evilmike_minifort, uniq_donald
Elf:2:    nicolae_elf_blades_crystal_corner, layout_loops_corners, serial_shops,
          shop
Elf:3:    grunt_elf_hall_asides, layout_loops_ring
Vaults:1: dpeg_vaults_waves, vaults_dpeg_diagonal, v_rooms_2,
          nicolae_vaults_little_squares_1, v_misc_24, hangedman_vaults_unwind,
          vaults_room_door_hall, hangedman_vaults_capsules,
          nicolae_vaults_what_the_h, nicolae_vaults_diamond_1, v_pattern_2,
          vaults_dpeg_emergency_exit, layout_vaults_omnibox, uniq_nikola
Vaults:2: minmay_crypt_entry_necro_gods, nicolae_vaults_layer_cake_slice,
          nicolae_vaults_shelves_hall, nicolae_vaults_big_ls,
          nicolae_vaults_doubleplus_tesselated, ontoclasm_vaults_ligature,
          nicolae_vaults_spaceships, ontoclasm_vaults_gateway,
          vaults_room_door_ring, dpeg_vaults_monster_box, v_alt_pattern_5,
          nicolae_vaults_house_2, layout_vaults_ring
Vaults:3: v_alt_pattern_1, v_misc_14, nicolae_vaults_museum,
          vaults_standard_mumra_enter_the_diamond, ontoclasm_vaults_chip,
          nicolae_vaults_trapezoid_1, vaults_room_fours,
          nicolae_vaults_wrenched, nicolae_vaults_asterisk,
          nicolae_vaults_tetromino_T_2, nicolae_vaults_closet_pinwheel_1,
          nicolae_vaults_surprise_closet, nicolae_vaults_trapezoid_4,
          layout_vaults_omnicross, uniq_bai_suzhen, uniq_xtahua, uniq_zenata,
          uniq_saint_roka, uniq_jory
Vaults:4: v_alt_pattern_2, vaults_room_pool, nicolae_vaults_stand_back,
          nicolae_vaults_network_s, v_misc_17, layout_vaults_quadrants,
          serial_shops, shop_statue
Vaults:5: serial_shops, uniq_frederick
Crypt:1:  cheibrodos_crypt_3hun_7po, layout_chaotic_city, mu_enter_wizlab_6,
          uniq_margery
Crypt:2:  layout_regular_city, evilmike_ambush [evilmike_ambush_outer_basic,
          evilmike_ambush_inner_basic]
Crypt:3:  david_glass_crypt, layout_misc_corridors, glass_columns_b, st_stairs_5
Depths:1: layout_cave_pools, fedhas_altar_2, pf_vacation_house_of_asmodeus,
          nicolae_twisting_strands, kennysheep_generic_room_11, uniq_boris
Depths:2: regret_index_malice_mire, layout_basic, rand_demon_pan_entry_9,
          hell_entry, minmay_shop_grove, minmay_staircase_windowed_small,
          uniq_grunn
Depths:3: minmay_tile_spiral, layout_basic, abyss_entry_flame_altar,
          hellmouth_2, kennysheep_flooded_box, uniq_parghit, uniq_sojobo
Depths:4: grunt_crosshair, layout_basic, enter_ziggurat_e,
          minmay_tree_intersection, hell_entry, drop_trap,
          dreamdust_looks_like_rain
Zot:1:    layout_concentric_octagons
Zot:2:    layout_onion_interference, regret_index_zotdec_barnacled_simple
Zot:3:    layout_cathedral_of_symmetry, hangedman_zot_decor_scrapings
Zot:4:    layout_gridville
Zot:5:    layout_misc_corridors, guppyfry_library_mini

Skill      XL: |  1  2  3  4  5  6  7  8  9 10 11 12 13 14 15 16 17 18 19 20 21 22 23 24 25 26 27 |
---------------+----------------------------------------------------------------------------------+-----
Fighting       | 4 5 6 7 8 9 11 12 15 17 19 23 24 25 26 27 | 27.0
Axes           | 4 5 6 8 9 11 12 15 18 20 21 23 25 26 27 | 27.0
Armour         | 3 4 5 6 8 9 11 12 15 16 17 18 21 22 24 25 27 | 27.0
Dodging        | 3 4 5 6 7 8 12 18 19 20 21 24 25 | 25.8
Shields        | 1 5 10 14 15 17 18 20 21 23 25 27 | 27.0
Stealth        | 1 3 |  3.0

Action                     |  1- 3 |  4- 6 |  7- 9 | 10-12 | 13-15 | 16-18 | 19-21 | 22-24 | 25-27 || total
---------------------------+-------+-------+-------+-------+-------+-------+-------+-------+-------++-------
  Melee: Hand axe          |    40 |   149 |    64 |       |    24 |       |       |       |       ||   277
         Headbutt          |     6 |    29 |    53 |   113 |   286 |   430 |   392 |   505 |   440 ||  2254
         Dagger            |     5 |    48 |       |       |       |       |       |       |       ||    53
         Punch             |       |     2 |     6 |       |       |       |       |       |       ||     8
         War axe           |       |       |   275 |   348 |       |       |       |       |       ||   623
         Broad axe         |       |       |       |   153 |  1071 |  1430 |  1323 |  1443 |  1148 ||  6568
         Eveningstar       |       |       |       |       |       |       |       |       |    48 ||    48
   Fire: Sling             |       |       |    19 |       |       |       |       |       |       ||    19
  Throw: Stone             |       |       |     5 |       |       |       |       |       |       ||     5
         Boomerang         |       |       |       |     1 |       |       |       |       |       ||     1
 Invoke: Berserk           |     2 |       |     4 |     2 |     5 |     4 |     4 |     3 |     3 ||    27
         Trog's Hand       |       |       |       |       |     1 |     2 |     3 |     1 |     3 ||    10
         Brothers in Arms  |       |       |       |       |       |       |     2 |     2 |       ||     4
  Evoke: Wand              |       |       |       |       |       |       |       |       |     5 ||     5
    Use: Scroll            |     1 |     3 |    19 |    10 |    12 |     8 |    11 |    11 |     4 ||    79
         Potion            |       |       |       |       |     1 |     4 |     1 |       |     9 ||    15
 Armour: Animal skin       |    17 |       |       |       |       |       |       |       |       ||    17
         Ring mail         |       |    14 |       |       |       |       |       |       |       ||    14
         Scale mail        |       |    36 |       |       |       |       |       |       |       ||    36
         Chain mail        |       |    26 |   164 |       |       |       |       |       |       ||   190
         Plate armour      |       |       |     7 |   299 |   679 |  1306 |   628 |       |       ||  2919
         Gold dragon scale |       |       |       |       |       |       |    51 |   680 |   525 ||  1256
  Dodge: Dodged            |    46 |   139 |   245 |   317 |   587 |   535 |   389 |   328 |   253 ||  2839
  Block: Buckler           |       |       |    19 |   113 |   152 |       |       |       |       ||   284
         Tower shield      |       |       |       |       |   124 |  1512 |  1229 |  1690 |  1406 ||  5961
         Kite shield       |       |       |       |       |    32 |       |       |       |       ||    32
         Reflection        |       |       |       |       |       |       |    46 |    32 |    28 ||   106
